 Dungeon Sprint DCSS version 0.27-a0-75-g9f9dfd16e9 (webtiles) character file.

Game seed: 5341821507547961364

8378 rocky1 the Martial Artist (level 11, -16/68 (75) HPs)
             Began as an Octopode Transmuter on Jan 12, 2021.
             Was the Champion of Cheibriados.
             Killed from afar by a deep elf mage (29 damage)
             ... with a bolt of negative energy
             ... in the Dungeon (Sprint VII: "The Pits").
             The game lasted 00:14:28 (4172 turns).

rocky1 the Martial Artist (Octopode Transmuter)     Turns: 4172, Time: 00:14:30

HP:   -16/68 (75)   AC:  4    Str: 25    XL:     11   Next: 29%
MP:   20/24         EV: 26    Int: 33    God:    Cheibriados [******]
Gold: 0             SH:  0    Dex: 31    Spells: 14/29 levels left

rFire    . . .     SeeInvis .     - Unarmed
rCold    . . .     Faith    .   (shield currently unavailable)
rNeg     . . .     Spirit   .   (helmet restricted)
rPois    .         Reflect  .   (no amulet)
rElec    .         Harm     .   k - +3 ring of protection
rCorr    .         Rampage  .   n - +3 ring of dexterity
Will     .....     NoTele   +   (no ring)
Stlth    +++.......             (no ring)
HPRegen  0.21/turn              (no ring)
MPRegen  0.19/turn              (no ring)
                                (no ring)
                                (no ring)

@: confused, blade tentacles (expiring), drained, very slow
A: almost no armour, stealthy swim, amphibious, 8 rings, constrict 8, camouflage
1, gelatinous body 1
a: End Transformation, Renounce Religion, Bend Time, Temporal Distortion,
Slouch, Step From Time


You were in the Dungeon.
You worshipped Cheibriados.
Cheibriados was exalted by your worship.
You had blades for tentacles.
You visited 1 branch

Inventory:

Jewellery
 k - a +3 ring of protection (left scythe-like blade)
 n - a +3 ring of dexterity (right scythe-like blade)
Scrolls
 g - a scroll of blinking
 h - 3 scrolls of remove curse
 i - 5 scrolls of amnesia
 j - a scroll of summoning
Potions
 a - a potion of invisibility
 b - 6 potions of curing
 c - 6 potions of heal wounds
 e - 4 potions of magic
 l - a potion of resistance
 m - a potion of might


   Skills:
 + Level 7.3 Fighting
 + Level 10.8 Dodging
 + Level 10.2 Stealth
 + Level 11.4 Unarmed Combat
 + Level 9.8 Spellcasting
 + Level 11.2 Transmutations
 + Level 8.0 Ice Magic
 + Level 9.7 Poison Magic
 + Level 8.4 Invocations


You had 14 spell levels left.
You knew the following spells:

 Your Spells              Type           Power        Failure   Level
a - Beastly Appendage     Tmut           100%         4%          1
b - Wereblood             Tmut           74%          5%          2
c - Spider Form           Tmut/Pois      35%          8%          3
d - Ice Form              Ice/Tmut       68%          12%         4
e - Blade Hands           Tmut           37%          14%         5

Your spell library contained the following spells:

 Spells                   Type           Power        Failure   Level


Dungeon Overview and Level Annotations

Branches:
Dungeon (1/1)

Altars:
Ashenzari
Cheibriados
Dithmenos
Elyvilon
Fedhas
Gozag
Hepliaklqana
Kikubaaqudgha
Makhleb
Nemelex Xobeh
Okawaru
Qazlal
Ru
Sif Muna
Trog
Uskayaw
Vehumet
Wu Jian
Xom
Yredelemnul
Zin
The Shining One
Beogh
Jiyva
Lugonu


Innate Abilities, Weirdness & Mutations

You cannot wear most types of armour.
You are very stealthy in the water. (Stealth+)
You are amphibious.
You can wear up to eight rings at the same time.
You can use your tentacles to constrict eight enemies at once.
Your skin changes colour to match your surroundings (Stealth+).
Your rubbery body absorbs attacks. (AC +1, EV +1)


Message History

You constrict the skeletal warrior, but do no damage.
The skeletal warrior struggles to escape constriction.
The deep elf mage mumbles some strange words.
The deep elf mage blinks!
The swamp drake breathes poison at you.
The noxious blast engulfs the skeletal warrior but does no damage.
You slash the skeletal warrior!
You squeeze the skeletal warrior, but do no damage.
The skeletal warrior is severely damaged.
You are engulfed in noxious fumes.
You choke on the stench!
You are confused.
You constrict the skeletal warrior. The skeletal warrior misses you.
The skeletal warrior hits you with a +0 long sword!!
* * * LOW HITPOINT WARNING * * *
The deep elf mage is engulfed in noxious fumes.
The deep elf mage points at you and mumbles some strange words.
The bolt of negative energy hits the skeletal warrior.
The skeletal warrior completely resists.
The bolt of negative energy hits you!!
You feel drained.
You die...

....##..'...#
...##...#..##
..##...##..#
..#...##...+
..'..##....### ##
.##..#.......### ..#
##...'.........## ...#
#....#....####.○##k...#+
..#..##..##..##.@zzs...#
.###..##.)....'.○#er....
##.##..#[##..##○.# ○....
#...'..'..####...## ..##
....#..##......)..# ##
###################


You could see 2 skeletal warriors, a deep elf mage, a swamp drake (catching
breath), a redback (summoned) and a hell rat (summoned).

Vanquished Creatures
  A great orb of eyes (D)
  2 death yaks (D)
  Urug (D)
  A skeletal warrior (D)
  An unseen horror (D)
  A swamp dragon (D)
  A phantasmal warrior (D)
  2 black mambas (D)
  A molten gargoyle (D)
  A yaktaur (D)
  A hellwing (D)
  A red devil (D)
  A snapping turtle (D)
  2 redbacks (D)
  A basilisk (D)
  2 fire bats (D)
  Menkaure (D)
  An acid dragon (D)
  An orc warrior (D)
  A floating eye (D)
  An ice beast (D)
  Purgy (D)
  A centaur (D)
  A big kobold (D)
  A gnoll sergeant (D)
  3 killer bees (D)
  A jelly (D)
  An orc priest (D)
  A gnoll shaman (D)
  A hound (D)
  An iron imp (D)
  Jessica (D)
  An orc wizard (D)
  A worker ant (D)
  9 gnolls (D)
  A white imp (D)
  An ooze (D)
  5 orcs (D)
  A bat (D)
  A giant cockroach (D)
  A hobgoblin (D)
  A quokka (D)
  A ball python (D)
  A frilled lizard (D)
  A kobold (D)
63 creatures vanquished.

Notes
Turn   | Place    | Note
-------+----------+-------------------------------------------
     0 | D        | rocky1 the Octopode Transmuter began the quest for the Orb.
     0 | D        | Reached XP level 1. HP: 13/13 MP: 3/3
    19 | D        | Found a bloodstained altar of Trog.
    19 | D        | Found a shimmering blue altar of Sif Muna.
    19 | D        | Found a viscous altar of Jiyva.
    19 | D        | Found a hazy altar of Hepliaklqana.
    19 | D        | Found an opulent altar of Gozag.
    20 | D        | Found a glowing golden altar of the Shining One.
    20 | D        | Found a glowing silver altar of Zin.
    20 | D        | Found a basalt altar of Yredelemnul.
    20 | D        | Found a shimmering altar of Xom.
    20 | D        | Found an ornate altar of the Wu Jian Council.
    20 | D        | Found a sacrificial altar of Ru.
    20 | D        | Found a stormy altar of Qazlal.
    20 | D        | Found an iron altar of Okawaru.
    20 | D        | Found a sparkling altar of Nemelex Xobeh.
    20 | D        | Found a burning altar of Makhleb.
    20 | D        | Found a blossoming altar of Fedhas.
    20 | D        | Found a white marble altar of Elyvilon.
    20 | D        | Found a shadowy altar of Dithmenos.
    20 | D        | Found a snail-covered altar of Cheibriados.
    22 | D        | Found a radiant altar of Vehumet.
    22 | D        | Found a corrupted altar of Lugonu.
    22 | D        | Found a roughly hewn altar of Beogh.
    23 | D        | Found a hide-covered altar of Uskayaw.
    23 | D        | Found an ancient bone altar of Kikubaaqudgha.
    23 | D        | Found a broken altar of Ashenzari.
    35 | D        | Became a worshipper of Cheibriados the Contemplative
    85 | D        | Reached * piety under Cheibriados
    86 | D        | Reached XP level 2. HP: 17/18 MP: 3/5
   201 | D        | Noticed a floating eye
   208 | D        | Killed a floating eye
   209 | D        | Reached skill level 5 in Unarmed Combat
   209 | D        | Reached XP level 3. HP: 26/26 MP: 4/7
   209 | D        | Reached XP level 4. HP: 31/31 MP: 4/8
   213 | D        | Noticed Jessica
   218 | D        | Reached ** piety under Cheibriados
   221 | D        | Killed Jessica
   222 | D        | Reached skill level 5 in Transmutations
   222 | D        | Reached XP level 5. HP: 19/36 MP: 5/9
   226 | D        | Reached *** piety under Cheibriados
   440 | D        | Learned a level 2 spell: Wereblood
   444 | D        | Learned a level 3 spell: Spider Form
   449 | D        | Learned a level 4 spell: Ice Form
   581 | D        | Noticed a big kobold
   581 | D        | Noticed Purgy
   596 | D        | Reached skill level 1 in Ice Magic
   596 | D        | Reached skill level 1 in Poison Magic
   600 | D        | Killed a big kobold
   601 | D        | Reached skill level 5 in Dodging
   601 | D        | Reached XP level 6. HP: 20/42 MP: 9/12
   606 | D        | Killed Purgy
   609 | D        | Reached **** piety under Cheibriados
  1022 | D        | Noticed Menkaure
  1024 | D        | Killed Menkaure
  1025 | D        | Reached skill level 5 in Spellcasting
  1025 | D        | Reached skill level 5 in Poison Magic
  1025 | D        | Reached XP level 7. HP: 46/46 MP: 14/14
  1031 | D        | Learned a level 5 spell: Blade Hands
  1032 | D        | Noticed a fire bat
  1036 | D        | Killed a fire bat
  1036 | D        | Reached ***** piety under Cheibriados
  1298 | D        | Noticed a swamp dragon
  1313 | D        | Killed an unseen horror
  1313 | D        | Reached ****** piety under Cheibriados
  1314 | D        | Reached skill level 5 in Invocations
  1314 | D        | Reached XP level 8. HP: 53/53 MP: 10/18
  1321 | D        | Killed a swamp dragon
  1322 | D        | Reached XP level 9. HP: 32/57 MP: 5/20
  2447 | D        | Noticed a yaktaur
  2447 | D        | Noticed a death yak
  2464 | D        | Killed a death yak
  2465 | D        | Reached skill level 10 in Unarmed Combat
  2465 | D        | Reached skill level 5 in Ice Magic
  2469 | D        | Killed a yaktaur
  2768 | D        | Noticed a hellwing
  2768 | D        | Noticed a phantasmal warrior
  2770 | D        | Reached XP level 10. HP: 58/65 MP: 18/22
  2775 | D        | Killed a phantasmal warrior
  2776 | D        | Reached skill level 5 in Fighting
  2776 | D        | Reached skill level 10 in Transmutations
  3142 | D        | Noticed a great orb of eyes
  3142 | D        | Noticed a black mamba
  3145 | D        | Killed a black mamba
  3150 | D        | Killed a great orb of eyes
  3151 | D        | Reached skill level 10 in Dodging
  3491 | D        | Noticed a black mamba
  3491 | D        | Noticed a death yak
  3496 | D        | Killed a black mamba
  3505 | D        | Killed a death yak
  3506 | D        | Reached XP level 11. HP: 54/74 MP: 24/24
  3783 | D        | Noticed Urug
  3793 | D        | Killed Urug
  3799 | D        | Reached skill level 10 in Stealth
  4163 | D        | Noticed a deep elf mage
  4163 | D        | Noticed a skeletal warrior
  4163 | D        | Noticed a skeletal warrior
  4163 | D        | Noticed a skeletal warrior
  4163 | D        | Noticed a skeletal warrior
  4165 | D        | Noticed a fire crab
  4169 | D        | Killed a skeletal warrior
  4172 | D        | Killed from afar by a deep elf mage

Illustrated notes

Levels and vault maps discovered:
D:        pitsprint [storerooms_1, entrance_room_1, metal_vault_7, armoury_1,
          mini_pit_1, grid_room_1, main_hall_1, silver_pit, the_coven_3,
          the_vestibule_1, steel_vault_3, golden_pit, hallway_of_sentries,
          crystal_vault_1, iron_vault_3, final_vault]

Skill      XL: |  1  2  3  4  5  6  7  8  9 10 11 |
---------------+----------------------------------+-----
Unarmed Combat | 4 5 6 7 8 9 10 11 | 11.4
Transmutations | 3 4 5 7 8 9 10 11 | 11.2
Fighting       | 3 4 6 7 |  7.3
Dodging        | 3 4 5 6 7 8 9 10 | 10.8
Stealth        | 4 6 9 10 | 10.2
Spellcasting   | 3 4 5 6 7 8 9 |  9.8
Invocations    | 3 5 6 8 |  8.4
Ice Magic      | 2 4 5 7 8 |  8.0
Poison Magic   | 2 5 6 9 |  9.7

Action                   |  1- 3 |  4- 6 |  7- 9 | 10-12 || total
-------------------------+-------+-------+-------+-------++-------
Melee: Unarmed           |    14 |    29 |    65 |    58 ||   166
       Kick              |     3 |    20 |     6 |       ||    29
       Constrict         |     3 |     6 |     4 |     6 ||    19
       Punch             |     1 |     2 |       |     5 ||     8
       Tentacles         |     1 |     6 |     6 |    14 ||    27
 Cast: Beastly Appendage |     3 |     3 |     4 |       ||    10
       Blade Hands       |       |       |     1 |     4 ||     5
       Spider Form       |       |       |     3 |       ||     3
       Ice Form          |       |       |     2 |     3 ||     5
       Wereblood         |       |       |     2 |       ||     2
Invok: Slouch            |       |       |     1 |       ||     1
  Use: Potion            |       |     3 |     1 |     3 ||     7
 Stab: Sleeping          |     1 |     1 |     1 |     1 ||     4
       Invisible         |       |     3 |       |       ||     3
Armor: Skin              |     1 |     2 |     7 |     4 ||    14
Dodge: Dodged            |    11 |    31 |    90 |    53 ||   185

Table legend: (Time is in decaauts)
 A = Elapsed time spent in this place.
 B = Non-inter-level travel time spent in this place.
 C = Inter-level travel time spent in this place.
 D = Time resting spent in this place.
 E = Time spent auto-exploring this place.
 F = Levels seen in this place.
 G = Mean time per level.
                   A        B        C        D        E       F      G
               +--------+--------+--------+--------+--------+-----+--------+
         Total |   4562 |   4562 |      0 |   3376 |      0 |   1 | 4562.0 |
       Dungeon |   4562 |   4562 |      0 |   3376 |      0 |   1 | 4562.0 |
               +--------+--------+--------+--------+--------+-----+--------+

Top non-repeatable levels by time:
       D: 4562 daAuts
